 Dungeon Crawl Stone Soup version 0.16.1-2-g95b8d4c (webtiles) character file.

81794 Zugr the Bludgeoner (level 15, -12/204 HPs)
             Began as a Minotaur Berserker on Mar 24, 2015.
             Was the Champion of Trog.
             Killed by divine providence
             ... invoked by an orc priest
              (14 damage)
             ... on level 4 of the Orcish Mines.
             The game lasted 01:00:34 (17100 turns).

Zugr the Bludgeoner (Minotaur Berserker)           Turns: 17100, Time: 01:00:34

Health: -12/204    AC: 21    Str: 32    XL:     15   Next: 27%
Magic:  2/2        EV: 13    Int:  7    God:    Trog [******]
Gold:   1558       SH:  0    Dex: 11    Spells: 0 memorised, 14 levels left

rFire  + + .     SeeInvis .     k - +1 lajatang (antimagic)
rCold  . . .     Clarity  .     p - +1 plate armour {rF+}
rNeg   . . .     SustAb   .     (no shield)
rPois  .         Gourm    .     W - +2 hat {Int+3}
rElec  .         Spirit   .     (no cloak)
rCorr  .         Warding  .     (no gloves)
rMut   .         Stasis   .     (no boots)
MR     .....                    E - amulet of rage
Stlth  ..........               i - +3 ring of protection
                                J - ring of protection from fire

@: berserking (expiring), vulnerable, drained, very quick, not resistant to
hostile enchantments, extremely unstealthy
A: retaliatory headbutt, horns 2
a: Burn Spellbooks, Berserk, Trog's Hand, Brothers in Arms, Renounce Religion,
Evoke Berserk Rage


You were on level 4 of the Orcish Mines.
You worshipped Trog.
Trog was exalted by your worship.
You were not hungry.

You visited 4 branches of the dungeon, and saw 19 of its levels.
You also visited: Volcano.

You collected 1686 gold pieces.
You spent 128 gold pieces at shops.

Inventory:

Hand weapons
 f - the +9 dire flail of the Elven Halls {drain, +Inv MR+ Str-5}
   (Trog gifted it to you on level 9 of the Dungeon)

   A truly terrible weapon, it drains the life of those it strikes.
   It affects your strength (-5).
   It affects your resistance to hostile enchantments.
   It lets you turn invisible.
 k - a +1 antimagic lajatang (weapon)
 R - a +5 antimagic great mace
Missiles
 j - 3 poisoned tomahawks (quivered)
Armour
 p - a +1 plate armour of fire resistance (worn)
 P - a +0 large shield
 W - a +2 hat of intelligence (worn)
Jewellery
 e - an uncursed ring of protection from cold
 i - a +3 ring of protection (right hand)
 E - an amulet of rage (around neck)
 J - a ring of protection from fire (left hand)
Scrolls
 b - a scroll of recharging
 v - a scroll of enchant weapon
 w - 2 scrolls of fog
 A - 11 scrolls of remove curse
 F - 2 scrolls of blinking
 G - a scroll of immolation
Potions
 h - 2 potions of restore abilities
 l - 5 potions of brilliance
 q - 2 potions of poison
 r - 3 potions of curing
 t - 2 potions of resistance
 u - a potion of cure mutation
 x - 2 potions of flight
 z - a potion of berserk rage
 C - a potion of agility
 K - a potion of invisibility
Comestibles
 a - 3 chunks of flesh
 c - 8 bread rations
 d - 10 royal jellies
 g - 7 beef jerkies


   Skills:
 + Level 13.5(13.0) Fighting
 * Level 18.1(17.5) Maces & Flails
 + Level 13.1(12.7) Armour
 + Level 12.0(11.5) Dodging


You had 14 spell levels left.
You didn't know any spells.

Dungeon Overview and Level Annotations

Branches:
Dungeon (10/15)            Temple (1/1) D:7            Lair (4/8) D:10
  Swamp (0/5) Lair:4          Orc (4/4) D:10
  Snake: Lair:3-6    Spider: Lair:3-6       Elf: Orc:3-4

Altars:
Ashenzari
Cheibriados
Dithmenos
Elyvilon
Fedhas
Gozag
Kikubaaqudgha
Makhleb
Nemelex Xobeh
Okawaru
Qazlal
Ru
Sif Muna
Trog
Vehumet
Xom
Yredelemnul
Zin
The Shining One
Beogh

Shops:
D:8 (=((   Orc:4 =

Annotations:
Lair:1 exclusion: oklob plant


Innate Abilities, Weirdness & Mutations

You reflexively headbutt those who attack you in melee.
You have a pair of horns on your head.


Message History

The orc sorcerer points at you and mumbles some strange words.
The bolt of negative energy hits you!
You feel drained.
* * * LOW HITPOINT WARNING * * *
You are too berserk!
You hit the orc sorcerer!
The orc sorcerer's magic leaks into the air.
You headbutt the orc sorcerer!
You kill the orc sorcerer!
Trog accepts your kill.
Trog appreciates your killing of a magic user.
You hit the orc warrior!! You headbutt the orc warrior.
You kill the orc warrior!
Trog accepts your kill.
The orc knight hits you from afar with a halberd!
* * * LOW HITPOINT WARNING * * *
You are too berserk!
Something hits you but does no damage.
Your ogre misses the orc knight.
The orc priest calls down the wrath of Beogh upon you.
Something smites you!
You die...

......)(...##,,.##.....#*,,,**,,,
.....())(...#*,..#.....#,,,***,,*
.......))...#**.........,,***,,,,
...........#####.........*****,,,
............8............,,8,,,,,
........................,,,,,,,*,
...................._...,,,,,,,,,
...............og........,,,,,,,,
,...........8.)O@........,,8,,,,,
,,,........#####o{o......*****,,,
,,,,........***o........,,***,,,,
,,,,........**...#.....#,,,***,*,
,,,,,...$..#*...##.....#*,,,**,,,
,,,,,,.....*...#**8...8***,,,*,,,
,,,,,,,....#∩.#* *,...,* **,∩**,*
,,,,,,,,,,.*##****,..,,* *******
,,,,,,,,,,,,,,,,****,,,*


You could see an orc knight, an orc warrior (frenzied), an orc priest
(frenzied), a friendly ogre, a friendly orc and a friendly goblin.

Vanquished Creatures
  An orc warlord (Orc:4)
  Gastronok (Orc:1)
  Snorg (Orc:2)
  An ettin (Orc:3)
  Josephine (D:10)
  3 hydras
  Nessos (Volcano)
  An orc high priest (Orc:4)
  Nergalle (Orc:3)
  2 orc knights (Orc:4)
  A cyclops (Orc:2)
  An orc sorcerer (Orc:4)
  A black mamba (Lair:1)
  Joseph (Orc:4)
  2 molten gargoyles (Volcano)
  3 yaktaurs (Volcano)
  3 spiny frogs
  4 komodo dragons
  Sonja (D:10)
  2 two-headed ogres
  2 trolls (Orc:3)
  A queen bee (D:9)
  7 blink frogs
  A basilisk (Lair:1)
  2 hungry ghosts
  2 deep elf magi
  6 wraiths (D:10)
  20 yaks
  2 hippogriffs
  A wyvern (D:9)
  A steam dragon (D:4)
  3 wolves (Lair:1)
  4 wargs
  4 porcupines
  3 ice beasts
  20 orc warriors
  3 water moccasins
  A wasp (D:10)
  A sky beast (D:7)
  12 ogres
  4 black bears
  9 centaurs
  2 crocodiles
  Sigmund (D:3)
  11 giant frogs
  A big kobold (D:9)
  2 scorpions
  34 killer bees (D:9)
  19 wights
  2 lava snakes (Volcano)
  2 crimson imps (D:6)
  2 quasits
  An electric eel (Lair:2)
  A goliath beetle (D:7)
  A centaur zombie (D:10)
  A giant frog zombie (D:5)
  7 hounds
  31 orc priests
  7 iguanas
  A jelly (D:10)
  2 centaur skeletons (D:10)
  3 worker ants
  Natasha (twice) (D:5)
  30 orc wizards
  3 giant frog skeletons
  Ijyb (D:2)
  A hound skeleton (D:7)
  A hound zombie (D:3)
  Robin (D:2)
  13 adders
  10 gnolls
  A river rat (Orc:1)
  3 shadow imps
  2 giant mites
  3 worms
  An adder zombie (D:6)
  2 adder skeletons
  2 oozes (D:3)
  8 giant geckos
  147 orcs
  3 bat skeletons
  6 giant cockroaches
  26 goblins
  24 hobgoblins
  8 jackals
  10 bats
  A giant gecko skeleton (D:6)
  A giant newt (D:1)
  12 kobolds
  2 quokkas
  12 rats
  2 ballistomycetes (D:9)
  A butterfly (Lair:1)
611 creatures vanquished.

Vanquished Creatures (collateral kills)
  An orc priest (Orc:4)
1 creature vanquished.

Vanquished Creatures (others)
  A giant spore (D:9)
1 creature vanquished.

Grand Total: 613 creatures vanquished

Notes
Turn   | Place    | Note
--------------------------------------------------------------
     0 | D:1      | Zugr, the Minotaur Berserker, began the quest for the Orb.
     0 | D:1      | Reached XP level 1. HP: 19/19 MP: 1/1
   131 | D:1      | Reached skill level 4 in Maces & Flails
   197 | D:1      | Reached XP level 2. HP: 19/26 MP: 1/1
   679 | D:2      | Noticed Ijyb
   684 | D:2      | Killed Ijyb
   684 | D:2      | Reached skill level 5 in Maces & Flails
   684 | D:2      | Reached XP level 3. HP: 27/31 MP: 2/2
   896 | D:2      | Found a stormy altar of Qazlal.
   949 | D:2      | Found a radiant altar of Vehumet.
  1248 | D:2      | Reached skill level 6 in Maces & Flails
  1248 | D:2      | Reached XP level 4. HP: 30/39 MP: 2/2
  1267 | D:2      | Noticed Robin
  1268 | D:2      | Acquired Trog's second power
  1281 | D:2      | Killed Robin
  1541 | D:2      | Found a blossoming altar of Fedhas.
  1544 | D:2      | Found a burning altar of Makhleb.
  1552 | D:2      | Found a bloodstained altar of Trog.
  1953 | D:3      | Reached XP level 5. HP: 45/45 MP: 2/2
  2012 | D:3      | Found an iron altar of Okawaru.
  2067 | D:3      | Reached skill level 7 in Maces & Flails
  2291 | D:3      | Noticed Sigmund
  2300 | D:3      | Killed Sigmund
  2300 | D:3      | Reached skill level 8 in Maces & Flails
  2455 | D:4      | Reached XP level 6. HP: 46/51 MP: 3/3
  2483 | D:4      | HP: 3/76 [iguana (6)]
  2764 | D:4      | Found a white marble altar of Elyvilon.
  3059 | D:4      | Noticed a steam dragon
  3071 | D:4      | Killed a steam dragon
  3071 | D:4      | Reached skill level 9 in Maces & Flails
  3085 | D:4      | Reached XP level 7. HP: 19/57 MP: 3/3
  3390 | D:5      | Entered Level 5 of the Dungeon
  3421 | D:5      | Acquired Trog's third power
  3450 | D:5      | Found a glowing golden altar of the Shining One.
  3795 | D:5      | Reached skill level 10 in Maces & Flails
  3918 | D:5      | Noticed Natasha
  3920 | D:5      | Killed Natasha
  4098 | D:5      | Reached skill level 5 in Fighting
  4098 | D:5      | Reached XP level 8. HP: 55/68 MP: 3/3
  4194 | D:5      | Found a sparkling altar of Nemelex Xobeh.
  4365 | D:5      | Noticed Natasha
  4369 | D:5      | Killed Natasha
  4764 | D:6      | Reached skill level 5 in Armour
  4862 | D:6      | Found a deep blue altar of Sif Muna.
  5023 | D:6      | Reached skill level 5 in Dodging
  5290 | D:7      | Reached XP level 9. HP: 67/78 MP: 4/4
  5302 | D:7      | Reached skill level 11 in Maces & Flails
  5865 | D:7      | Found a staircase to the Ecumenical Temple.
  5893 | Temple   | Entered the Ecumenical Temple
  6303 | D:8      | Found Rouwin Rawah's Antique Weapon Shoppe.
  6346 | D:8      | Found a shadowy altar of Dithmenos.
  6729 | D:8      | Reached XP level 10. HP: 90/90 MP: 4/4
  7085 | D:8      | Found Ciagruaq's Antique Weapon Shoppe.
  7094 | D:8      | Bought a glowing morningstar for 128 gold pieces
  7171 | D:8      | Found Atiaq's Weapon Boutique.
  7185 | D:8      | Found a shimmering altar of Xom.
  7270 | D:8      | Reached skill level 12 in Maces & Flails
  7293 | D:8      | Found a burning altar of Makhleb.
  7293 | D:8      | Noticed a balrug
  7296 | D:8      | Noticed a hellwing
  7296 | D:8      | Noticed a hellwing
  7326 | D:8      | Found Hifivu's Jewellery Boutique.
  7872 | D:9      | Reached skill level 13 in Maces & Flails
  7879 | D:9      | Received a gift from Trog
  8029 | D:9      | Got a polished dire flail {god gift}
  8030 | D:9      | Identified the +9 dire flail of the Elven Halls {drain, +Inv MR+ Str-5} (Trog gifted it to you on level 9 of the Dungeon)
  8055 | D:9      | Reached XP level 11. HP: 57/99 MP: 4/4
  8305 | D:9      | Found a radiant altar of Vehumet.
  8634 | D:10     | Entered Level 10 of the Dungeon
  8700 | D:10     | Noticed Sonja
  8858 | D:10     | Found a staircase to the Lair.
  8867 | D:10     | Reached skill level 10 in Fighting
  8977 | D:10     | Found a staircase to the Orcish Mines.
  9018 | D:10     | Noticed Josephine
  9030 | D:10     | Killed Josephine
  9535 | D:10     | Killed Sonja
  9535 | D:10     | Reached skill level 14 in Maces & Flails
  9824 | Lair:1   | Entered Level 1 of the Lair of Beasts
  9893 | Lair:1   | Received a gift from Trog
  9999 | Lair:1   | Reached skill level 10 in Armour
 10616 | Lair:1   | Received a gift from Trog
 10793 | Lair:1   | Reached XP level 12. HP: 59/110 MP: 1/5
 11727 | Lair:2   | Noticed a seven-headed hydra
 11733 | Lair:2   | Killed a seven-headed hydra
 11733 | Lair:2   | Reached skill level 15 in Maces & Flails
 11904 | Lair:2   | Noticed a seven-headed hydra
 11912 | Lair:2   | Killed a seven-headed hydra
 12374 | Lair:2   | Reached skill level 10 in Dodging
 12898 | Lair:3   | Noticed a seven-headed hydra
 12905 | Lair:3   | Killed a seven-headed hydra
 13338 | Lair:3   | Received a gift from Trog
 13566 | Lair:4   | Found a staircase to the Swamp.
 13764 | Orc:1    | Entered Level 1 of the Orcish Mines
 13775 | Orc:1    | Noticed Gastronok
 13786 | Orc:1    | Killed Gastronok
 13838 | Orc:2    | Noticed Snorg
 13849 | Orc:2    | Killed Snorg
 13849 | Orc:2    | Reached skill level 16 in Maces & Flails
 14000 | Orc:2    | Found a dark tunnel.
 14022 | Volcano  | Entered a volcano
 14402 | Volcano  | Found a radiant altar of Vehumet.
 14402 | Volcano  | Noticed Nessos
 14418 | Volcano  | Killed Nessos
 14422 | Volcano  | Received a gift from Trog
 14813 | Orc:2    | Found a roughly hewn altar of Beogh.
 15226 | Orc:3    | Received a gift from Trog
 15274 | Orc:3    | Noticed Nergalle
 15290 | Orc:3    | Killed Nergalle
 15290 | Orc:3    | Reached XP level 13. HP: 47/118 MP: 1/5
 15871 | Orc:3    | Received a gift from Trog
 15933 | Orc:3    | Received a gift from Trog
 16075 | Orc:3    | Reached skill level 17 in Maces & Flails
 16075 | Orc:3    | Reached XP level 14. HP: 127/127 MP: 1/5
 16076 | Orc:3    | Reached XP level 15. HP: 133/136 MP: 2/6
 16077 | Orc:3    | Gained mutation: You are agile. (Dex +2) [potion of mutation]
 16077 | Orc:3    | Gained mutation: Your magical capacity is low (-10% MP). [potion of mutation]
 16077 | Orc:3    | Gained mutation: Your magical capacity is very low (-20% MP). [potion of mutation]
 16078 | Orc:3    | Lost mutation: You are agile. (Dex +2) [potion of mutation]
 16078 | Orc:3    | Gained mutation: You are frail (-10% HP). [potion of mutation]
 16081 | Orc:3    | Lost mutation: You are frail (-10% HP). [potion of cure mutation]
 16081 | Orc:3    | Lost mutation: Your magical capacity is very low (-20% MP). [potion of cure mutation]
 16081 | Orc:3    | Lost mutation: Your magical capacity is low (-10% MP). [potion of cure mutation]
 16579 | Orc:4    | Entered Level 4 of the Orcish Mines
 16856 | Orc:4    | Reached skill level 18 in Maces & Flails
 16995 | Orc:4    | Noticed Joseph
 17005 | Orc:4    | Killed Joseph
 17016 | Orc:4    | Received a gift from Trog
 17081 | Orc:4    | Found a roughly hewn altar of Beogh.
 17099 | Orc:4    | HP: 2/204 [orc knight/halberd (14)]
 17100 | Orc:4    | Found Foluegingi's Jewellery Boutique.
 17100 | Orc:4    | Killed from afar by an orc priest

Action                   |  1- 3 |  4- 6 |  7- 9 | 10-12 | 13-15 || total
-------------------------+-------+-------+-------+-------+-------++-------
Melee: Mace              |    42 |   142 |    54 |       |       ||   238
       Morningstar       |       |       |   282 |   233 |       ||   515
       Dire flail        |       |       |       |   201 |       ||   201
       Great mace        |       |       |       |   300 |   205 ||   505
       Lajatang          |       |       |       |       |     9 ||     9
Invok: Berserk           |     1 |     3 |     1 |    11 |     4 ||    20
       Trog's Hand       |       |     2 |       |     4 |     1 ||     7
       Burn Spellbooks   |       |       |       |     2 |     1 ||     3
  Use: Scroll            |       |     9 |     3 |     7 |    10 ||    29
       Potion            |       |       |       |     7 |     7 ||    14
  Eat: Chunk             |     1 |     4 |     7 |    12 |     5 ||    29
       Pizza             |       |     1 |     1 |       |       ||     2
       Meat ration       |       |     1 |     1 |     4 |       ||     6
       Fruit             |       |       |       |     8 |       ||     8
       Beef jerky        |       |       |       |       |     3 ||     3
